 Dungeon Crawl Stone Soup version 0.28.0-45-g0d030f2227 (webtiles) character file.

Game seed: 10511898050397718564

281 Faeu the Skirmisher (level 6, -2/53 HPs)
             Began as a Minotaur Fighter on Apr 2, 2022.
             Succumbed to a killer bee's poison
             ... on level 4 of the Dungeon.
             The game lasted 00:13:03 (2876 turns).

Faeu the Skirmisher (Minotaur Fighter)              Turns: 2876, Time: 00:13:03

Health: -2/53      AC:  8    Str: 23    XL:     6   Next: 6%
Magic:  5/5        EV: 25    Int:  5    God:
Gold:   96         SH:  4    Dex:  9    Spells: 5/5 levels left

rFire   . . .      SeeInvis .   a - +0 war axe {axe}
rCold   . . .      Faith    .   c - +0 buckler
rNeg    . . .      Spirit   .   b - +0 scale mail
rPois   .          Reflect  .   (helmet restricted)
rElec   .          Harm     .   (no cloak)
rCorr   .          Rampage  .   (no gloves)
Will    .....                   l - +0 pair of boots
Stlth   ..........              n - amulet of the acrobat
HPRegen 0.17/turn               (no ring)
MPRegen 0.09/turn               (no ring)

@: brilliant, lethally poisoned (-2 -> -17), acrobatic
A: horns 2, retaliatory headbutt
a: no special abilities


You were on level 4 of the Dungeon.
You visited 1 branch of the dungeon, and saw 4 of its levels.
You also visited: Sewer.

You collected 96 gold pieces.


Innate Abilities, Weirdness & Mutations

You have a pair of horns on your head.
You reflexively headbutt those who attack you in melee.


   Skills:
 + Level 4.7 Fighting
 + Level 3.8 Axes
 + Level 2.1 Throwing
 + Level 4.6 Armour
 + Level 2.4 Dodging
 + Level 4.6 Shields


You had 5 spell levels left.
You didn't know any spells.
Your spell library was empty.

Inventory:

Hand Weapons
 a - a +0 war axe (weapon) {axe}
 g - a +1 hand axe of electrocution {axe}
   (You found it on level 1 of the Dungeon)
Armour
 b - a +0 scale mail (worn)
 c - a +0 buckler (worn)
 l - a +0 pair of boots (worn)
   (You found it on level 2 of the Dungeon)
Jewellery
 n - an amulet of the acrobat (around neck)
   (You found it on level 3 of the Dungeon)
Scrolls
 e - 6 scrolls of identify {unknown}
 h - 4 scrolls of teleportation {unknown}
 j - 2 scrolls of fog
 k - a scroll of fear {unknown}
 o - a scroll of amnesia {unknown}
 q - a scroll of enchant armour {unknown}
Potions
 d - a potion of might
 f - 2 potions of brilliance
 m - a potion of curing {@q1}
 p - 2 potions of haste {unknown}
 r - a potion of cancellation {unknown}
 s - a potion of mutation {unknown}
 t - a potion of attraction {unknown}
 u - a potion of magic {unknown}

Dungeon Overview and Level Annotations

Branches:
Dungeon (4/15)              Sewer (visited)
 Temple: D:4-7

Altars:
Vehumet

Annotations:
D:3 Grinder

# .. #############
#.##.... ...... # .
....#.# ##..#####.##..
#.y.###.............
#.g...<...@........
#.......##.###.##
#..###§##yyyK..# #..#
#§##...[..##. ########..#
#§##.........#
..........###y##g......#.#
...........§§§§§§.........
..#.##.##########..#..8.8.
..#. #.# #...8.....


You could see 2 killer bees and a kobold (inner flame).


Message History

The killer bee closely misses you. You furiously retaliate!
You headbutt the killer bee.
You kill the killer bee!
The killer bee stings you! You block the killer bee's attack.
You have reached level 6! 😕 HP[-3] MP[+1]
You now have 53 max hp (+6).
Your mp is fully restored (5).
The killer bee completely misses you.
A killer bee comes into view.
The killer bee closely misses you. The killer bee misses you.
The killer bee buzzes angrily.
A killer bee comes into view.
The killer bee completely misses you. The killer bee misses you.
The killer bee moves out of view.
The killer bee barely misses you. You block the killer bee's attack.
The killer bee completely misses you. 😕 HP[+1]
You block the killer bee's attack.
You miss the killer bee. You block the killer bee's attack.
The killer bee stings you but does no damage. x2
You barely miss the killer bee. You block the killer bee's attack.
The killer bee stings you. The killer bee misses you. You furiously retaliate!
You headbutt the killer bee. 😮 HP[-3]
You take 3 damage, and now have 38/53 hp.
You miss the killer bee.
The killer bee stings you but does no damage.
The killer bee barely misses you. You furiously retaliate!
You headbutt the killer bee. You miss the killer bee.
Your headbutt misses the killer bee. The killer bee stings you. x3 😮 HP[-6]
You take 6 damage, and now have 32/53 hp.
You miss the killer bee. The killer bee stings you!
* * * LOW HITPOINT WARNING * * *
You block the killer bee's attack.
The killer bee stings you but does no damage. 😨 HP[-8]
You take 8 damage, and now have 24/53 hp.
You barely miss the killer bee.
The killer bee stings you but does no damage.
You block the killer bee's attack. The killer bee barely misses you.
The killer bee completely misses you. The killer bee completely misses you.
You closely miss the killer bee. You headbutt the killer bee.
The killer bee stings you.
* * * LOW HITPOINT WARNING * * *
You are poisoned.
The killer bee poisons you! The killer bee stings you.
* * * LOW HITPOINT WARNING * * *
😨 HP[-7]
You take 7 damage, and now have 17/53 hp.
It was a potion of brilliance.
You feel clever all of a sudden.
You feel sick. You block the killer bee's attack.
The killer bee stings you but does no damage. 😨 HP[-2]
You take 2 damage, and now have 15/53 hp.
It was a potion of curing.
You feel better.
You block the killer bee's attack. x2 😨 HP[+7]
You regained 7 hp, and now have 22/53 hp.
As you read the scroll labelled GUALLO CO ENWI, it crumbles to dust.
The scroll dissolves into smoke.
It was a scroll of fog.
You block the killer bee's attack. The killer bee closely misses you.
A kobold comes into view. It is wielding a +0 dagger.
You block the killer bee's attack.
The kobold moves out of view.
The killer bee stings you but does no damage. 😨 HP[+1]
The killer bee stings you but does no damage.
The kobold closely misses you. The killer bee barely misses you.
The killer bee stings you but does no damage. x2
The killer bee stings you.
* * * LOW HITPOINT WARNING * * *
There is a stone staircase leading down here. 😨 HP[-6]
You take 6 damage, and now have 17/53 hp.
As you read the scroll labelled MYIR WEEBARHE, it crumbles to dust.
The creatures around you are filled with an inner flame!
It was a scroll of immolation.
The killer bee stings you.
* * * LOW HITPOINT WARNING * * *
You are poisoned.
The killer bee poisons you! The killer bee stings you!
* * * LOW HITPOINT WARNING * * *
You are more poisoned.
The killer bee poisons you!
The killer bee stings you but does no damage. x2
The killer bee misses you. The kobold closely misses you.
The killer bee closely misses you. 😱 HP[-10]
You take 10 damage, and now have 7/53 hp.
* * * LOW HITPOINT WARNING * * *
You feel very sick. The killer bee misses you.
You block the killer bee's attack. The killer bee stings you.
* * * LOW HITPOINT WARNING * * *
The killer bee misses you. 😱 HP[-5]
You take 5 damage, and now have 2/53 hp.
You die...

Skill      XL: |  1  2  3  4  5 |
---------------+----------------+-----
Fighting       | 4 |  4.7
Throwing       | 1 2 |  2.1
Dodging        | 1 2 |  2.4
Axes           | 3 |  3.8
Shields        | 4 |  4.6
Armour         | 4 |  4.6

Action                   |  1- 3 |  4- 6 || total
-------------------------+-------+-------++-------
Melee: War axe           |    52 |   102 ||   154
       Headbutt          |     3 |    17 ||    20
  Use: Scroll            |       |     2 ||     2
       Potion            |       |     2 ||     2
Armor: Scale mail        |    26 |    54 ||    80
Dodge: Dodged            |    40 |    88 ||   128
Block: Buckler           |    16 |    40 ||    56

Levels and vault maps discovered:
D:1:      dpeg_arrival_erosion, layout_basic,
          ebering_ecumenical_altar_abandoned, chequers_serial_rivers_large_b,
          minmay_small_reverse_x
D:2:      layout_basic
D:3:      layout_loops_ring, fiery_altar_vehumet, cheibrodos_sewer_entry_sluice,
          corexii_hall_statues_u, minmay_snake_closets, uniq_jessica,
          uniq_grinder
D:4:      layout_loops_ring, zin_statuary, uniq_blork_the_orc, uniq_pargi,
          uniq_crazy_yiuf_cottage

Notes
Turn   | Place    | Note
-------+----------+-------------------------------------------
     0 | D:1      | Faeu the Minotaur Fighter began the quest for the Orb.
     0 | D:1      | Reached XP level 1. HP: 19/19 MP: 0/0
     0 | D:1      | magus.rc [v1.9.6]
    84 | D:1      | Found a faded altar of an unknown god.
   264 | D:1      | Reached XP level 2. HP: 17/27 MP: 1/1
  1206 | D:2      | Reached XP level 3. HP: 33/33 MP: 2/2
  1234 | D:2      | Reached skill level 4 in Fighting
  1234 | D:2      | Reached skill level 1 in Throwing
  1234 | D:2      | Reached skill level 1 in Dodging
  1238 | D:2      | Reached skill level 3 in Axes
  1238 | D:2      | Reached skill level 4 in Shields
  1254 | D:2      | Reached skill level 4 in Armour
  1296 | D:2      | Reached XP level 4. HP: 23/40 MP: 3/3
  1309 | D:2      | HP: 10/40 [gnoll/+0 spear (4)]
  1986 | D:3      | Found a glowing drain.
  2034 | Sewer    | Entered a sewer
  2160 | Sewer    | Noticed Pargi
  2349 | D:3      | Reached XP level 5. HP: 45/47 MP: 4/4
  2355 | D:3      | Reached skill level 2 in Dodging
  2664 | D:3      | Noticed Jessica
  2668 | D:3      | Killed Jessica
  2669 | D:3      | Reached skill level 2 in Throwing
  2678 | D:3      | Found a radiant altar of Vehumet.
  2722 | D:3      | Noticed Grinder
  2851 | D:4      | Reached XP level 6. HP: 40/53 MP: 5/5
  2874 | D:4      | HP: 7/53 [killer bee (7)]
  2875 | D:4      | HP: 2/53 [killer bee (2)]
  2876 | D:4      | Succumbed to a killer bee's poison

Vanquished Creatures
  A killer bee (D:4)
  2 orc priests (D:3)
  Jessica (D:3)
  4 gnolls (D:2)
  4 adders
  A river rat (D:3)
  3 worms
  3 orcs (D:3)
  8 bats
  7 endoplasms
  2 giant cockroaches (D:2)
  4 goblins
  5 hobgoblins
  5 kobolds
  4 ball pythons
  4 frilled lizards
  3 rats
61 creatures vanquished.

Table legend:
 A = Non-vault XP
 B = Vault XP
 C = Vault XP percentage of total XP
 D = Non-vault monster count
 E = Vault monster count
 F = Vault count percentage of total count
                 A         B        C        D         E       F
            +---------+---------+-------+---------+---------+-------
      Total |     317 |      85 |  21.1 |      48 |      13 |  21.3
            +---------+---------+-------+---------+---------+-------
        D:1 |      23 |       7 |  23.3 |      13 |       4 |  23.5
        D:2 |     107 |       0 |   0.0 |      19 |       0 |   0.0
        D:3 |     114 |      75 |  39.7 |      13 |       6 |  31.6
        D:4 |      73 |       0 |   0.0 |       3 |       0 |   0.0
      Sewer |       0 |       3 | 100.0 |       0 |       3 | 100.0
            +---------+---------+-------+---------+---------+-------

Illustrated notes

Table legend:
 A = Kills in this place as a percentage of kills in entire the game.
 B = Kills by you in this place as a percentage of kills by you in the entire game.
 C = Kills by friends in this place as a percentage of kills by friends in the entire game.
 D = Other kills in this place as a percentage of other kills in the entire game.
 E = Experience gained in this place as a percentage of experience gained in the entire game.
 F = Experience gained in this place divided by the number of levels of this place that you have seen.
                   A       B       C       D       E      F
               +-------+-------+-------+-------+-------+----------------------
         Total | 100.0 | 100.0 |   N/A |   N/A | 100.0 |  80.4
       Dungeon |  95.1 |  95.1 |   N/A |   N/A |  99.3 |  99.8
         Sewer |   4.9 |   4.9 |   N/A |   N/A |   0.7 |   3.0
               +-------+-------+-------+-------+-------+----------------------

Table legend: (Time is in decaauts)
 A = Elapsed time spent in this place.
 B = Non-inter-level travel time spent in this place.
 C = Inter-level travel time spent in this place.
 D = Time resting spent in this place.
 E = Time spent auto-exploring this place.
 F = Levels seen in this place.
 G = Mean time per level.
                   A        B        C        D        E       F      G
               +--------+--------+--------+--------+--------+-----+--------+
         Total |   2989 |   2959 |     30 |    744 |   1065 |   5 |  597.8 |
       Dungeon |   2812 |   2782 |     30 |    702 |   1055 |   4 |  703.0 |
         Sewer |    177 |    177 |      0 |     42 |     10 |   1 |  177.0 |
               +--------+--------+--------+--------+--------+-----+--------+

Top non-repeatable levels by time:
     D:1: 1083 daAuts
     D:2: 900 daAuts
     D:3: 755 daAuts
   Sewer: 177 daAuts
     D:4: 73 daAuts
